 Dungeon Crawl Stone Soup version bcrawl-1.40.3b (webtiles) character file.

Game seed: 11002276915907858863

16631374 Artagas the Slayer (level 27, 231/231 HPs)
             Began as a Barachi Warper on Nov 24, 2023.
             Was a High Priest of Okawaru.
             Escaped with the Orb
             ... and 3 runes on Nov 26, 2023!
             The game lasted 04:53:11 (58804 turns).

Artagas the Slayer (Barachi Warper)                Turns: 58804, Time: 04:53:12

Health: 231/231    AC: 45    Str: 27    XL:     27
Magic:  42/42      EV: 21    Int: 18    God:    Okawaru [*****.]
Gold:   3006       SH:  0    Dex: 14    Spells: 24/56 levels left

rFire    + . .     GDR:     44% b - +8 storm bow {lightning, rElec Stlth-}
rCold    + . .     SeeInvis .   (shield currently unavailable)
rNeg     + . .     Gourm    .   S - +10 plate armour {rF+}
rPois    .         Faith    .   o - +2 helmet {Int+3}
rElec    +         Spirit   .   D - scarf of Vawial {repulsion, rElec rC+ MR+}
rCorr    .         Reflect  .   T - +2 pair of gloves {archery}
MR       ++++.                  l - +1 pair of boots {Stlth++}
Stlth    +.........             Y - amulet of regeneration
HPRegen  1.74/turn              r - ring of protection from magic
MPRegen  0.28/turn              I - ring of Shadows {Umbra +Inv rN+ Stlth++}

@: mighty, heroism, hasted, wreathed by umbra, studying 2 skills, deflect
missiles, quick
A: +LOS, swims, yellow scales 1, deterioration 2, slowness 1, no potion heal 2,
strong legs 2
0: Orb of Zot
}: 3/15 runes: barnacled, slimy, gossamer
a: Hop, Heroism, Finesse, Renounce Religion, Evoke Invisibility


You escaped.
You worshipped Okawaru.
Okawaru was extremely pleased with you.
You were full.

You visited 11 branches of the dungeon, and saw 46 of its levels.
You visited 1 bazaar.
You also visited: Ossuary and Ice Cave.

You collected 9331 gold pieces.
You spent 6325 gold pieces at shops.

Inventory:

Hand Weapons
 a - the +8 battleaxe of the Unseen Realm {speed, rC+ Int+4}
   (Okawaru gifted it to you on level 5 of the Realm of Zot)

   Attacks with this weapon are significantly faster.
   It affects your intelligence (+4).
   It protects you from cold.
 b - the +8 storm bow (weapon) {lightning, rElec Stlth-}
   (You bought it in a shop on level 9 of the Dungeon)

   It insulates you from electricity.
   It makes you less stealthy.
 c - a +9 longbow of velocity
   (You took it off a deep elf archer on level 1 of the Elven Halls)
 J - the +5 battleaxe of the Apocalypse {freeze, +Inv Dex-3 Stlth+}
   (Okawaru gifted it to you on level 2 of the Vaults)

   It has been specially enchanted to freeze those struck by it, increasing
   damage dealt by approximately one third against foes not resistant or
   susceptible to cold, and potentially slowing cold-blooded foes.
   It affects your dexterity (-3).
   It lets you turn invisible.
   It makes you more stealthy.
Missiles
 U - 8690 arrows (quivered)
 V - 107 steel javelins
 Z - 14 throwing nets {=f}
Armour
 l - a +1 pair of boots of stealth (worn)
   (Okawaru gifted it to you on level 6 of the Lair of Beasts)
 o - a +2 helmet of intelligence (worn)
   (You found it on level 6 of the Lair of Beasts)
 D - the scarf of Vawial (worn) {repulsion, rElec rC+ MR+}
   (You found it on level 2 of the Depths)

   It protects you from cold.
   It insulates you from electricity.
   It affects your resistance to hostile enchantments.
 S - a +10 plate armour of fire resistance (worn)
   (You took it off Frances on level 10 of the Dungeon)
 T - a +2 pair of gloves of archery (worn)
   (Okawaru gifted it to you on level 2 of the Lair of Beasts)
Jewellery
 f - an uncursed ring of protection from fire
   (You found it on level 6 of the Dungeon)
 k - an uncursed ring of resist corrosion
   (You took it off a deep elf death mage on level 3 of the Elven Halls)
 m - an uncursed ring of protection from magic
   (You bought it in a shop in the Orcish Mines)
 r - a ring of protection from magic (left hand)
   (You took it off a merfolk javelineer on level 2 of the Shoals)
 y - a +4 amulet of reflection
   (You found it on level 1 of the Realm of Zot)
 I - the ring of Shadows (right hand) {Umbra +Inv rN+ Stlth++}
   (You took it off the Enchantress on level 2 of the Depths)

   [ring of stealth]

   It protects you from negative energy.
   It lets you turn invisible.
   It makes you much more stealthy.
 M - the ring "Keco Jaf" {Str+3 Int+4 SInv}
   (You took it off a deep elf knight on level 3 of the Elven Halls)

   [ring of see invisible]

   It affects your strength (+3).
   It affects your intelligence (+4).
   It lets you see invisible.
 Y - an amulet of regeneration (around neck)
   (You found it on level 6 of the Lair of Beasts)
Wands
 u - a wand of acid (14)
   (You found it on level 4 of the Depths)
 v - a wand of digging (41)
   (You found it on level 2 of the Shoals)
 L - a wand of charming (15)
   (You found it on level 6 of the Dungeon)
 P - a wand of iceblast (11)
   (You found it on level 12 of the Dungeon)
 Q - a wand of clouds (3)
   (You found it on level 1 of the Lair of Beasts)
 X - a wand of paralysis (31)
   (You found it on level 4 of the Lair of Beasts)
Scrolls
 g - 12 scrolls of immolation
 t - 15 scrolls of teleportation
 x - 4 scrolls of fear
 z - 6 scrolls of blinking
 G - 9 scrolls of fog
 O - a scroll of summoning
Potions
 d - 6 potions of might
 h - 3 potions of haste
 i - 3 potions of cancellation
 n - 3 potions of resistance
 p - 8 potions of brilliance
 q - 16 potions of curing
 s - 7 potions of agility
 w - 10 potions of heal wounds
 A - 13 potions of flight
 F - 12 potions of mutation
 H - 4 potions of invisibility
 K - 3 potions of magic
 N - 6 potions of ambrosia
 R - 15 potions of lignification
Miscellaneous
 j - 3 phantom mirrors
 B - a lamp of fire
   (You found it on level 12 of the Dungeon)
 C - a fan of gales (2/2)
   (You found it on level 2 of the Vaults)
 E - a phial of floods (inert)
   (You found it on level 3 of the Elven Halls)
Comestibles
 e - 44 rations {!d}


   Skills:
 - Level 22.0(27) Fighting
   Level 3.0(8.0) Short Blades
 - Level 16.0(21.0) Axes
 - Level 15.0(20.0) Bows
 - Level 8.0(13.0) Throwing
 + Level 20.9(25.9) Armour
 + Level 19.0(24.0) Dodging
   Level 6.0(11.0) Shields
 - Level 15.0 Spellcasting
 - Level 8.0 Hexes
 - Level 14.0 Charms
 - Level 5.0 Necromancy
 - Level 10.0 Translocations
 - Level 8.7 Transmutations
 - Level 10.0 Air Magic
 - Level 4.0 Earth Magic
 - Level 10.0 Invocations
 - Level 15.0 Evocations


You had 24 spell levels left.
You knew the following spells:

 Your Spells              Type           Power        Failure   Level  Hunger
a - Song of Slaying       Chrm           ######..     1%          2    None
b - Piercing Shot         Chrm           ######....   1%          5    None
c - Regeneration          Chrm/Necr      #####.....   1%          3    None
d - Portal Projectile     Tloc           #####.       1%          3    None
e - Apportation           Tloc           #####.       1%          1    None
f - Blink                 Tloc           N/A          1%          2    None
g - Blink Other           Tloc           #####.       1%          1    None
h - Infusion              Chrm           ######..     1%          1    None
i - Swiftness             Chrm/Air       ######..     1%          2    None
j - Deflect Missiles      Chrm/Air       ######....   17%         6    ###....
k - Yara's Violent Unrav  Hex/Tmut       #####.....   4%          4    None
l - Passwall              Tmut/Erth      #####...     1%          2    None

Your spell library contained the following spells:

 Spells                   Type           Power        Failure   Level  Hunger
 Beastly Appendage        Tmut           #####.       1%          1    None
 Corona                   Hex            #####..      1%          1    None
 Necrotize                Necr           ####..       1%          1    None
 Slow                     Hex            #####...     1%          1    None
 Sticks to Snakes         Tmut           #####...     1%          2    None
 Confuse                  Hex            #####...     1%          3    None
 Spectral Weapon          Hex/Chrm       ######..     1%          3    None
 Teleport Other           Tloc           #####...     1%          3    None
 Tukima's Dance           Hex            #####...     1%          3    None
 Ozocubu's Armour         Chrm/Ice       #####...     2%          3    None
 Airstrike                Air            #####.....   2%          4    None
 Corpse Rot               Necr           N/A          3%          2    None
 Sublimation of Blood     Necr           ####......   3%          2    None
 Ensorcelled Hibernation  Hex/Ice        ####..       4%          2    None
 Tree Form                Hex/Tmut       N/A          4%          4    None
 Cause Fear               Hex            #####.....   5%          4    None
 Vampiric Draining        Necr           ####......   6%          3    None
 Spider Form              Tmut/Pois      ###          8%          3    None
 Throw Frost              Conj/Ice       ##....       9%          2    None
 Dazzling Orbs            Conj/Hex       ####...      9%          3    None
 Petrify                  Tmut/Erth      #####.....   11%         4    None
 Silence                  Hex/Air        #####.....   11%         5    None
 Blade Hands              Tmut           #####.....   12%         5    None
 Ignite Poison            Fire/Tmut/Pois ###.....     14%         3    None
 Freeze                   Ice            ##....       16%         1    None
 Agony                    Necr           ####....     19%         4    None
 Animate Dead             Necr           N/A          19%         4    None
 Stone Arrow              Conj/Erth      ###...       21%         3    None
 Iskenderun's Battlesphe  Conj/Chrm      #####...     24%         5    None
 Steam Barrier            Chrm/Fire      #####.....   24%         5    None
 Ice Form                 Ice/Tmut       ####....     26%         4    None
 Fulminant Prism          Conj/Hex       ####......   28%         4    None
 Call Canine Familiar     Summ           ##......     41%         3    None
 Death Channel            Chrm/Necr      #####.....   43%         6    ###....
 Dispel Undead            Necr           ####....     47%         5    None
 Summon Forest            Summ/Tloc      ####......   47%         5    None
 Lee's Rapid Deconstruct  Erth           ####......   63%         5    None
 Metabolic Englaciation   Hex/Ice        ####......   63%         5    None
 Summon Mana Viper        Hex/Summ       ####....     63%         5    None
 Darkness                 Hex            #####.....   65%         6    ###....
 Invisibility             Hex            #####...     65%         6    ###....
 Sticky Flame             Conj/Fire      ##......     83%         4    None
 Summon Ice Beast         Ice/Summ       ##......     83%         4    None
 Throw Icicle             Conj/Ice       ##......     83%         4    None
 Infestation              Hex/Tmut/Pois  ####.....    93%         6    ###....
 Bolt of Magma            Conj/Fire/Erth ###.......   94%         5    None
 Conjure Ball Lightning   Conj/Air       ####......   96%         6    ###....
 Borgnjor's Vile Clutch   Necr/Erth      ####......   98%         6    ###....
 Dragon Form              Tmut           #####..      98%         7    #####..
 Fireball                 Conj/Fire      ##........   99%         5    None
 Virulence                Hex/Pois       ####....     99%         6    ###....
 Discord                  Hex            #####.....   99%         7    #####..
 Bolt of Fire             Conj/Fire      ##........   100%        6    ###....
 Ozocubu's Refrigeration  Ice            ##........   100%        6    ###....
 Poison Arrow             Conj/Pois      ##........   100%        6    ###....
 Simulacrum               Ice/Necr       ###.....     100%        6    ###....
 Summon Hydra             Summ           ##........   100%        6    ###....
 Blight                   Necr/Pois      ###......    100%        7    #####..
 Haunt                    Necr/Summ      ###.......   100%        7    #####..
 Icicle Burst             Conj/Ice       ##........   100%        7    #####..
 Malign Gateway           Summ/Tloc      ####......   100%        7    #####..
 Mana Rupture             Conj/Hex       ####......   100%        7    #####..
 Monstrous Menagerie      Summ           ##........   100%        7    #####..
 Orb of Destruction       Conj           ##........   100%        7    #####..
 Scorpion Form            Tmut/Pois      ####......   100%        7    #####..
 Shadow Creatures         Summ           N/A          100%        7    #####..
 Spellforged Servitor     Conj/Summ      ##........   100%        7    #####..
 Summon Fire Elementals   Fire/Summ      ##.......    100%        7    #####..
 Summon Greater Demon     Summ           ##........   100%        7    #####..
 Chain Lightning          Conj/Air       ####......   100%        8    ######.
 Ignition                 Hex/Fire       ####......   100%        8    ######.
 Necromutation            Tmut/Necr      #####...     100%        8    ######.
 Summon Horrible Things   Summ           ##........   100%        8    ######.
 Time Stop                Chrm/Tloc      N/A          100%        8    ######.
 Tornado                  Tloc/Air       #####.....   100%        8    ######.
 Dragon's Call            Summ           ##........   100%        9    #######
 Fire Storm               Fire           ##........   100%        9    #######
 Shatter                  Erth           ####......   100%        9    #######
 Passage of Golubria      Tloc           Unusable     N/A         5    N/A

Dungeon Overview and Level Annotations

Branches:
Dungeon (12/12)            Temple (1/1) D:5            Lair (6/6) D:8
 Shoals (3/3) Lair:2       Spider (3/3) Lair:4        Slime (5/5) Orc
    Orc (1/1) D:10            Elf (3/3) Lair:6       Vaults (2/3) D:12
  Crypt (0/2) Vaults:1     Depths (5/5) D:12            Zot (5/5) Depths:5

Altars:
Ashenzari
Cheibriados
Dithmenos
Elyvilon
Fedhas
Gozag
Hepliaklqana
Kikubaaqudgha
Lugonu
Makhleb
Nemelex Xobeh
Okawaru
Qazlal
Ru
Sif Muna
Trog
Uskayaw
Wu Jian
Xom
Yredelemnul
Zin
The Shining One
Jiyva

Shops:
D:7 ?   D:9 *   D:10 :   Orc [!=[   Elf:1 !:   Elf:2 =   Elf:3 (   Depths:1 ?

Portals:
Hell: Depths:1 Depths:3 Depths:4 Depths:5
Abyss: Depths:1 Depths:4 Depths:5
Pandemonium: Depths:1 Depths:2 Depths:3
Ziggurat: Depths:2

Annotations:
Lair:2 3 runed translucent doors, Rhok's ghost, journeyman DjCj
Elf:3 1 runed translucent door, Turbognida's ghost, adept GnAc


Innate Abilities, Weirdness & Mutations

You can see and be seen from farther away.
You can swim through water.
You cover ground slowly.
You can hop long distances.
You are partially covered in yellow scales. (AC +2)
Your body often deteriorates upon taking damage.
Potions are poor at restoring your health.


Message History

Casting: Piercing Shot (safe; 1% risk of failure)
Confirm with . or Enter, or press ? or * to list all spells.
Aiming: Passwall (safe; 2% risk of failure)
Press: ? - help, Dir - move target cursor, p - Hell Sentinel This square is wreathed by an umbra and is covered in magical glow.
The Hell Sentinel hits your water elemental!!
Your water elemental is destroyed!
Your water elemental is struck by the Hell Sentinel's spines.
Your water elemental hits the Hell Sentinel!
You begin to meditate on the wall.
You continue meditating on the barrier.
Your water elemental hits the Hell Sentinel.
You continue meditating on the barrier.
The Executioner hits you. The Executioner completely misses you.
The Executioner hits you but does no damage.
Your water elemental hits the Hell Sentinel.
You finish merging with the rock.
A large abomination comes into view.
Casting: Passwall (safe; 2% risk of failure)
Confirm with . or Enter, or press ? or * to list all spells.
Aiming: Passwall (safe; 2% risk of failure)
Press: ? - help, Dir - move target cursor This square is wreathed by an umbra and is covered in magical glow.
HP restored.
The large abomination barely misses you.
You begin to meditate on the wall.
You continue meditating on the barrier.
The Executioner barely misses you.
The Executioner hits you but does no damage. x2
The large abomination hits you!
You continue meditating on the barrier.
The Executioner hits you but does no damage.
The Executioner closely misses you. The Executioner misses you.
The Executioner barely misses you. x2
The Executioner hits you but does no damage.
You finish merging with the rock.
The Executioner gestures.
The Executioner seems to speed up.
There is a stone staircase leading up here.
The Executioner hits you but does no damage. x3
A rune on the stairs sparks and fizzles.
You climb upwards.
There is a stone staircase leading down here.
Evoke which item? (* to show all) (? for menu, Esc to quit)
Aiming: Dig
Press: ? - help, Shift-Dir - straight line This square is wreathed by an umbra and is covered in magical glow.
The rock shatters into small pieces.
There is a stone staircase leading up here.
You are ready to hop once more.
You climb upwards.
There is a stone staircase leading down here.
(D) Dungeon (T) Temple (L) Lair (A) Shoals (N) Spider Nest (M) Slime Pits (O) Orcish Mines (E) Elven Halls (V) Vaults (C) Crypt (U) Depths (H) Hell (Z) Zot
Where to? (Enter - D:1 @ (x,y), ? - help)
What level of the Dungeon? (default 1, ? - help)
You feel like a meek peon again.
You see here 197 stones.
There is a stone staircase leading up here.
You climb upwards.
There is a stone staircase leading down here.
An Orb Guardian comes into view.
You gain the combat prowess of a mighty hero.
You feel yourself speed up.
The Orb Guardian hits you but does no damage.
You feel very mighty all of a sudden. The Orb Guardian misses you.
Wield which item (- for none, * to show all)? (? for menu, Esc to quit)
The bow stops crackling with electricity.
You feel clever.
Your hands tingle!
a - the +8 battleaxe of the Unseen Realm (weapon)
{speed, rC+ Int+4} You slash the Orb Guardian!
The Orb Guardian is lightly wounded.
You closely miss the Orb Guardian.
The Orb Guardian is lightly wounded.
The Orb Guardian hits you.
You slice the Orb Guardian!!
The Orb Guardian is heavily wounded.
You slash the Orb Guardian!
The Orb Guardian is heavily wounded.
The Orb Guardian barely misses you.
You closely miss the Orb Guardian.
The Orb Guardian is heavily wounded.
You hit the Orb Guardian.
The Orb Guardian is heavily wounded.
The Orb Guardian hits you but does no damage.
You slice the Orb Guardian!!
The Orb Guardian is almost dead.
You slice the Orb Guardian!!
You kill the Orb Guardian!
Okawaru accepts your kill.
You feel your dexterity returning.
Your base Dodging skill increases to level 19!
Wield which item (- for none, * to show all)? (? for menu, Esc to quit)
Electricity crackles across the bow's limbs.
b - the +8 storm bow (weapon)
{lightning, rElec Stlth-}
There is a staircase leading out of the dungeon here.
The power of the Orb breaks the dimensional shunt like a soap bubble!
You have escaped!

# #.............# #.##.####### #
##.#..#######.## ###..# #
####.......####...####....#### #
.....#.#.)...#..≈..#.....#...####
####...#8..≈....≈....≈..8#.......
##.###...≈..≈≈≈..≈...##...#.##
#.##.....≈≈≈≈≈≈≈.....#[......
#.#....≈≈≈≈...≈≈≈≈.......#.##
#.#..≈≈≈≈≈..@..≈≈≈≈≈.....#.#
#.#....≈≈≈≈...≈≈≈≈.......#.#
#..#.....≈≈≈≈≈≈≈.....#####.#
#.###...≈..≈≈≈..≈...##.....#
#.##8..≈....≈....≈..8#######
#.##.....#..≈..#.....##
#.#....####...####....#
#.#..#######.#######..#
#............###.###..#


There were no monsters in sight!

Vanquished Creatures
  the Royal Jelly (Slime:5)
  4 orbs of fire (Zot:5)
  2 ancient liches (Zot:5)
  9 Killer Klowns
  the Enchantress (Depths:2)
  7 golden dragons
  Saint Roka (Depths:4)
  A curse toe (Zot:4)
  Jory (Depths:5)
  A rockslime (Depths:2)
  A hellephant (Depths:4)
  2 electric golems (Zot:5)
  Frances (D:10)
  15 tentacled monstrosities
  Rupert (Lair:4)
  25 Orb Guardians
  2 liches
  A quicksilver dragon (Zot:3)
  3 deep elf blademasters
  2 deep elf master archers (Elf:3)
  2 krakens (Shoals:2)
  32 acid blobs
  A titan (Shoals:3)
  A death cob (Zot:1)
  A sphinx (Depths:5)
  8 draconian monks
  Donald (Elf:3)
  10 shadow dragons
  9 storm dragons
  14 azure jellies
  A daeva (D:8)
  7 draconian knights
  3 deep elf sorcerers (Elf:3)
  Louise (Spider:1)
  4 frost giants
  6 fire giants
  2 orc warlords (Vaults:2)
  5 ghost moths
  3 iron dragons
  Aizul (Elf:3)
  An emperor scorpion (Spider:3)
  2 draconian shifters
  3 vault wardens
  19 stone giants
  6 ironheart preservers
  27 very ugly things
  6 deep elf elementalists
  4 spriggan defenders
  11 draconian annihilators
  2 draconian stormcallers (Zot:1)
  9 draconian scorchers
  6 black draconians
  8 deep elf demonologists
  A vampire knight (Depths:4)
  A lorocyproca (Depths:1)
  10 red draconians
  3 entropy weavers
  20 dire elephants
  9 yellow draconians
  6 deep elf annihilators (Elf:3)
  11 green draconians
  A blizzard demon (Zot:4)
  7 purple draconians
  9 white draconians
  4 spark wasps
  3 merfolk javelineers
  8 deep elf death magi
  9 merfolk impalers
  14 ettins
  A green death (Zot:1)
  Josephine (Lair:5)
  8 fire dragons
  9 ice dragons
  3 vault guards
  8 deep elf high priests
  10 yaktaur captains
  6 rakshasas
  An ice dragon (shapeshifter) (Vaults:1)
  9 hydras
  Erolcha (Orc)
  5 spriggan air magi
  Harold (D:9)
  Psyche (D:9)
  13 great orbs of eyes
  A catoblepas (Lair:6)
  9 ogre magi
  A merfolk avatar (Shoals:3)
  6 merfolk aquamancers (Shoals:3)
  7 death oozes
  33 dancing weapons
  A death knight (Vaults:2)
  4 deep troll shamans
  19 two-headed ogres
  A vampire mage (D:12)
  9 deep troll earth magi
  4 ancient automatons
  A satyr (Shoals:3)
  7 sea snakes
  2 tengu warriors
  4 spriggan berserkers (Depths:2)
  18 deep trolls
  28 deep elf knights
  2 ironheart beastmasters
  Nergalle (Lair:3)
  A salamander mystic (Depths:5)
  10 centaur warriors
  17 hell knights
  A sun demon (Depths:2)
  An unseen horror (shapeshifter) (D:10)
  A gelid demonspawn (Depths:2)
  A swamp dragon (shapeshifter) (Depths:2)
  4 glowing orange brains
  A torturous demonspawn (Depths:1)
  A lindwurm (shapeshifter) (Depths:3)
  A swamp dragon (Zot:1)
  8 wizards
  A shadow demon (Zot:1)
  31 deep elf archers
  2 lindwurms
  A wolf spider zombie (D:11)
  11 harpies
  7 cyclopes
  5 phantasmal warriors
  Pikel (D:9)
  65 deep elf magi
  6 necromancers
  39 ugly things
  An orb spider (shapeshifter) (D:12)
  An orc knight (D:12)
  28 wolf spiders
  16 orb spiders
  8 shining eyes
  3 orc sorcerers
  6 ironheart convokers
  4 fauns
  4 moths of wrath
  A moth of wrath (shapeshifter) (Vaults:1)
  3 salamanders (Depths:5)
  5 merfolk sirens
  14 manticores
  19 elephants
  6 black mambas (Lair:6)
  A rust devil (Depths:1)
  8 vault sentinels
  5 torpor snails
  13 water nymphs
  A guardian serpent (Lair:6)
  17 cane toads
  A kobold demonologist (D:11)
  3 hellions
  2 gargoyles
  6 komodo dragons
  30 jumping spiders
  A hellwing (Depths:1)
  26 yaktaurs
  11 demonic crawlers
  5 rime drakes
  3 freezing wraiths
  4 ice devils (IceCv)
  2 eyes of draining
  4 tengu conjurers
  A queen bee (Spider:1)
  A polar bear (Lair:6)
  A queen bee (shapeshifter) (D:10)
  2 red devils
  3 meliai (Spider:1)
  24 hornets
  5 trolls
  11 wind drakes (Shoals:3)
  22 merfolk
  A wind drake (shapeshifter) (Vaults:1)
  A meliai (shapeshifter) (Vaults:2)
  A dream sheep (shapeshifter) (Depths:3)
  A harpy skeleton (D:12)
  18 hippogriffs
  122 slime creatures
  A frost giant simulacrum (Vaults:1)
  9 blink frogs
  2 meliai zombies (D:12)
  5 dream sheep (Lair:6)
  4 snapping turtles
  A human simulacrum (Vaults:2)
  9 air elementals
  8 spriggans
  21 water elementals
  A yak (shapeshifter) (Depths:1)
  A hog (shapeshifter) (Depths:1)
  18 tarantellas
  7 wraiths
  3 basilisks
  A vampire (D:12)
  A ynoxinul (Depths:2)
  A basilisk (shapeshifter) (Depths:4)
  16 humans (D:12)
  36 yaks
  13 wyverns
  8 fire elementals
  5 hungry ghosts
  Eustachio (D:5)
  17 golden eyes
  A neqoxec (Depths:1)
  56 redbacks
  A swamp worm (shapeshifter) (Depths:1)
  3 wargs
  3 acid dragons
  14 crocodiles
  15 water moccasins
  A water moccasin (shapeshifter) (D:12)
  2 hell hounds (Depths:5)
  7 porcupines
  23 orc warriors
  A necrophage (D:12)
  A phantom (D:9)
  3 sky beasts
  An ice beast (D:9)
  37 ogres
  2 hornet zombies
  A boggart (shapeshifter) (Elf:1)
  11 boggarts
  27 wolves (Lair:6)
  12 bullfrogs
  4 kobold brigands
  2 earth elementals (Elf:3)
  4 centaurs
  A water moccasin skeleton (D:10)
  24 killer bees
  2 troll zombies (D:10)
  A scorpion (D:6)
  9 howler monkeys
  6 wights
  An electric eel (Lair:2)
  4 jellies
  14 orc priests
  6 crimson imps
  A bullfrog zombie (D:6)
  A quasit (D:6)
  10 orc wizards
  A gnoll shaman (D:6)
  9 hounds
  2 bullfrog skeletons
  2 iguanas
  Jessica (D:2)
  14 worker ants
  6 ogre zombies (D:10)
  A hound zombie (D:7)
  A hound skeleton (D:10)
  12 mummies (Ossuary)
  A worker ant zombie (D:5)
  Robin (D:2)
  7 gnolls
  8 adders
  A howler monkey skeleton (D:9)
  4 shadow imps
  2 white imps
  5 oozes (D:10)
  An adder zombie (D:8)
  2 adder skeletons
  3 worms
  3 dart slugs
  3 leopard geckos
  55 orcs
  A ball python (D:2)
  10 goblins
  12 hobgoblins
  6 jackals
  5 quokkas
  3 bats
  3 frilled lizards
  2 gnoll skeletons (Ossuary)
  2 goblin skeletons (Ossuary)
  4 goblin zombies (D:10)
  A hobgoblin skeleton (D:10)
  3 hobgoblin zombies (D:10)
  16 kobolds
  3 kobold skeletons (Ossuary)
  6 orc skeletons
  12 orc zombies (D:10)
  A quokka zombie (D:4)
  3 rats
  11 rat skeletons (Ossuary)
  A rat zombie (D:4)
  43 ball lightnings
  A fungus (Lair:5)
  11 plants
  4 tentacles (Shoals:2)
2150 creatures vanquished.

Vanquished Creatures (collateral kills)
  A ball lightning (Spider:3)
1 creature vanquished.

Vanquished Creatures (others)
  A draconian knight (Zot:4)
  A very ugly thing (Depths:5)
  A vampire knight (Depths:5)
  2 white draconians
  A black draconian (Zot:1)
  A deep elf knight (Elf:2)
  A jumping spider (Spider:1)
  A slime creature (Slime:2)
  An orc warrior (D:9)
  A boggart (Depths:1)
  A bullfrog skeleton (D:9)
  3 gnolls (D:9)
  2 orcs (D:9)
  A jackal (D:9)
  1171 ball lightnings
  114 fungi
  90 plants
  6 tentacles (Shoals:2)
1399 creatures vanquished.

Grand Total: 3550 creatures vanquished

Notes
Turn   | Place    | Note
-------+----------+-------------------------------------------
     0 | D:1      | Artagas the Barachi Warper began the quest for the Orb.
     0 | D:1      | Reached XP level 1. HP: 17/17 MP: 3/3
   237 | D:1      | Reached skill level 3 in Fighting
   304 | D:1      | Reached XP level 2. HP: 24/24 MP: 5/5
  1107 | D:2      | Learned a level 2 spell: Blink
  1189 | D:2      | Reached skill level 4 in Fighting
  1199 | D:2      | Reached XP level 3. HP: 30/30 MP: 6/6
  1207 | D:2      | Reached skill level 1 in Short Blades
  1276 | D:2      | Noticed Robin
  1300 | D:2      | Killed Robin
  1301 | D:2      | Reached skill level 2 in Short Blades
  1460 | D:2      | Noticed Jessica
  1461 | D:2      | Killed Jessica
  1462 | D:2      | Reached skill level 3 in Short Blades
  1462 | D:2      | Reached XP level 4. HP: 37/37 MP: 7/7
  1466 | D:2      | Learned a level 3 spell: Portal Projectile
  2167 | D:3      | Reached XP level 5. HP: 43/43 MP: 8/8
  2497 | D:4      | Reached skill level 5 in Fighting
  2513 | D:4      | Got a twisted war axe
  2583 | D:4      | Reached skill level 3 in Throwing
  2632 | D:4      | Noticed a bullfrog
  2640 | D:4      | Killed a bullfrog
  2641 | D:4      | Reached skill level 6 in Fighting
  2641 | D:4      | Reached XP level 6. HP: 39/52 MP: 9/9
  2650 | D:4      | Found a sand-covered staircase.
  2664 | Ossuary  | Entered an ossuary
  2710 | Ossuary  | Reached skill level 4 in Translocations
  2781 | Ossuary  | Identified the +7 war axe of Ihokit {chop, +Fly} (You found
                  | it on level 4 of the Dungeon)
  2844 | Ossuary  | Reached skill level 1 in Axes
  2880 | Ossuary  | Reached skill level 2 in Axes
  2946 | Ossuary  | Reached XP level 7. HP: 53/58 MP: 10/10
  3049 | D:4      | Reached skill level 3 in Axes
  3413 | D:5      | Entered Level 5 of the Dungeon
  3469 | D:5      | Found a staircase to the Ecumenical Temple.
  3481 | D:5      | Reached skill level 4 in Axes
  3522 | Temple   | Entered the Ecumenical Temple
  3527 | Temple   | Became a worshipper of Warmaster Okawaru
  3766 | D:5      | Reached skill level 5 in Axes
  3768 | D:5      | Found a stormy altar of Qazlal.
  3768 | D:5      | Noticed an air elemental
  3772 | D:5      | Noticed a fire elemental
  3780 | D:5      | Reached * piety under Okawaru
  3781 | D:5      | Reached skill level 6 in Axes
  3816 | D:5      | Noticed a water elemental
  3830 | D:5      | Reached XP level 8. HP: 64/65 MP: 11/11
  3897 | D:5      | Noticed Eustachio
  3904 | D:5      | Killed Eustachio
  3905 | D:5      | Reached skill level 7 in Fighting
  4077 | D:5      | Found an ornate altar of the Wu Jian Council.
  4216 | D:6      | Reached skill level 7 in Axes
  4467 | D:6      | Found a glowing silver altar of Zin.
  4469 | D:6      | Found a glowing golden altar of the Shining One.
  4666 | D:6      | Reached skill level 8 in Fighting
  4762 | D:6      | Reached skill level 8 in Axes
  4800 | D:6      | Reached skill level 1 in Armour
  4938 | D:6      | Reached ** piety under Okawaru
  4939 | D:6      | Reached skill level 2 in Armour
  4939 | D:6      | Reached skill level 3 in Dodging
  4939 | D:6      | Reached skill level 1 in Evocations
  4939 | D:6      | Reached XP level 9. HP: 60/74 MP: 12/12
  5181 | D:6      | Found a shimmering altar of Xom.
  5339 | D:6      | Found a sacrificial altar of Ru.
  5349 | D:6      | Found an opulent altar of Gozag.
  5464 | D:6      | Reached skill level 2 in Evocations
  5522 | D:7      | Reached skill level 3 in Armour
  5599 | D:7      | Reached skill level 3 in Evocations
  5637 | D:7      | Found Lusuut's Magic Scroll Shoppe.
  5646 | D:7      | Bought a scroll of fog for 28 gold pieces
  5646 | D:7      | Bought a scroll of revelation for 56 gold pieces
  5646 | D:7      | Bought a scroll of identify for 28 gold pieces
  5750 | D:7      | Reached skill level 4 in Evocations
  5800 | D:7      | Reached skill level 1 in Invocations
  5892 | D:7      | Reached skill level 3 in Invocations
  6026 | D:8      | Noticed a centaur warrior
  6085 | D:8      | Reached *** piety under Okawaru
  6099 | D:8      | Reached skill level 4 in Throwing
  6206 | D:8      | Reached skill level 9 in Fighting
  6375 | D:8      | Found a staircase to the Lair.
  6410 | D:8      | Reached XP level 10. HP: 83/83 MP: 13/13
  6443 | D:8      | Reached skill level 9 in Axes
  6481 | D:8      | Reached skill level 5 in Throwing
  6591 | D:8      | Reached **** piety under Okawaru
  7207 | D:8      | Killed a centaur warrior
  7208 | D:8      | Reached skill level 10 in Fighting
  7208 | D:8      | Reached skill level 10 in Axes
  7709 | Lair:1   | Entered Level 1 of the Lair of Beasts
  7755 | Lair:1   | Reached skill level 1 in Shields
  7807 | Lair:1   | Reached skill level 4 in Invocations
  7810 | Lair:1   | Noticed a cane toad
  7818 | Lair:1   | Killed a cane toad
  7819 | Lair:1   | Reached skill level 2 in Shields
  7881 | Lair:1   | Reached XP level 11. HP: 83/92 MP: 14/14
  7895 | Lair:1   | Reached ***** piety under Okawaru
  7896 | Lair:1   | Reached skill level 11 in Fighting
  7896 | Lair:1   | Reached skill level 3 in Shields
  8073 | Lair:1   | Received a gift from Okawaru
  8074 | Lair:1   | Reached skill level 11 in Axes
  8117 | Lair:1   | Reached skill level 4 in Shields
  8125 | Lair:1   | Reached skill level 4 in Armour
  8233 | Lair:1   | Reached skill level 5 in Armour
  8308 | Lair:1   | Received a gift from Okawaru
  8312 | Lair:1   | Reached skill level 6 in Armour
  8811 | Lair:2   | Noticed a minotaur
  8812 | Lair:2   | Noticed Rhok's ghost (journeyman DjCj)
  8845 | Lair:2   | Found a staircase to the Shoals.
  8849 | Lair:2   | Received a gift from Okawaru
  8874 | Lair:2   | Noticed a five-headed hydra
  8886 | Lair:2   | Killed a five-headed hydra
  8922 | Lair:2   | Found a frozen archway.
  8971 | IceCv    | Entered an ice cave
  9002 | IceCv    | Reached skill level 12 in Fighting
  9012 | IceCv    | Reached skill level 12 in Axes
  9562 | Lair:2   | Noticed a seven-headed hydra
  9583 | Lair:2   | Found a runed translucent gate.
  9583 | Lair:2   | Found a runed translucent gate.
  9583 | Lair:2   | Found a runed translucent gate.
  9684 | Lair:2   | Reached skill level 6 in Throwing
 10016 | Lair:2   | Killed a seven-headed hydra
 10017 | Lair:2   | Reached skill level 7 in Throwing
 10017 | Lair:2   | Reached XP level 12. HP: 65/102 MP: 13/15
 10328 | Lair:3   | Noticed Nergalle
 10337 | Lair:3   | Killed Nergalle
 10465 | Lair:3   | Reached skill level 5 in Evocations
 10486 | Lair:3   | Noticed a seven-headed hydra
 10493 | Lair:3   | Killed a seven-headed hydra
 10494 | Lair:3   | Reached skill level 5 in Invocations
 10692 | Lair:3   | Noticed a fire dragon
 10703 | Lair:3   | Killed a fire dragon
 10704 | Lair:3   | Reached skill level 7 in Armour
 10704 | Lair:3   | Reached skill level 5 in Shields
 11188 | Lair:4   | Received a gift from Okawaru
 11200 | Lair:4   | Received a gift from Okawaru
 11247 | Lair:4   | Noticed Rupert
 11350 | Lair:4   | Reached skill level 13 in Fighting
 11381 | Lair:4   | Reached skill level 13 in Axes
 11465 | Lair:5   | Noticed Josephine
 11481 | Lair:5   | Killed Josephine
 11481 | Lair:5   | Received a gift from Okawaru
 11485 | Lair:5   | Gained mutation: You can hop long distances. [Barachi
                  | growth]
 11485 | Lair:5   | Reached XP level 13. HP: 102/111 MP: 14/16
 11755 | Lair:5   | Found an ancient bone altar of Kikubaaqudgha.
 11849 | Lair:5   | Reached skill level 14 in Fighting
 11968 | Lair:5   | Received a gift from Okawaru
 11969 | Lair:5   | Reached skill level 14 in Axes
 11980 | Lair:5   | Got a slimy executioner's axe {god gift}
 12427 | Lair:6   | Entered Level 6 of the Lair of Beasts
 12438 | Lair:6   | Reached skill level 8 in Armour
 12438 | Lair:6   | Reached skill level 6 in Shields
 12622 | Lair:6   | Reached skill level 6 in Evocations
 12630 | Lair:6   | Reached skill level 6 in Invocations
 12632 | Lair:6   | Received a gift from Okawaru
 12767 | Lair:6   | Reached skill level 15 in Fighting
 12862 | Lair:6   | Reached skill level 9 in Armour
 12875 | Lair:6   | Reached XP level 14. HP: 123/123 MP: 18/18
 13006 | Lair:6   | Reached skill level 10 in Armour
 13282 | Lair:6   | Found a staircase to the Elven Halls.
 13328 | Lair:6   | Reached skill level 7 in Evocations
 13351 | Lair:6   | Received a gift from Okawaru
 13450 | Lair:6   | Reached skill level 7 in Invocations
 13516 | Lair:6   | Received a gift from Okawaru
 14117 | Lair:4   | Reached skill level 16 in Fighting
 14123 | Lair:4   | Found a hole to the Spider Nest.
 14266 | D:9      | Noticed Pikel
 14272 | D:9      | Killed Pikel
 14457 | D:9      | Found Huesufeb's Assorted Antiques.
 14468 | D:9      | Bought a scroll labeled QYJAGRA OCOSAUDGH for 21 gold
                  | pieces
 14468 | D:9      | Bought a metallic golden potion for 18 gold pieces
 14468 | D:9      | Bought a scroll of identify for 42 gold pieces
 14579 | D:9      | Found a shattered altar of Ashenzari.
 14630 | D:9      | Noticed Psyche
 14639 | D:9      | Killed Psyche
 14732 | D:9      | Noticed Harold
 14752 | D:9      | Killed Harold
 14753 | D:9      | Reached skill level 8 in Throwing
 15046 | D:10     | Entered Level 10 of the Dungeon
 15295 | D:10     | Found Soxtunuz's Book Shoppe.
 15297 | D:10     | Noticed Frances
 15322 | D:10     | Killed Frances
 15323 | D:10     | Reached skill level 11 in Armour
 15344 | D:10     | Identified the +3 executioner's axe "Xyem" {freeze, rElec
                  | rF+ rC-} (Okawaru gifted it to you on level 5 of the Lair
                  | of Beasts)
 15389 | D:9      | Bought the +8 storm bow {lightning, rElec Stlth-} for 1167
                  | gold pieces
 15389 | D:9      | Found the +8 storm bow {lightning, rElec Stlth-}
 15450 | D:10     | Reached skill level 1 in Bows
 15626 | D:10     | Found a staircase to the Orcish Mines.
 15639 | D:10     | Reached skill level 2 in Bows
 15698 | D:10     | Received a gift from Okawaru
 15972 | D:10     | Reached XP level 15. HP: 99/132 MP: 20/20
 16232 | D:11     | Reached skill level 3 in Bows
 16417 | D:11     | Reached skill level 4 in Bows
 16488 | D:11     | Reached skill level 17 in Fighting
 16617 | D:11     | Reached skill level 5 in Bows
 16944 | D:12     | Entered Level 12 of the Dungeon
 17088 | D:12     | Found a staircase to the Depths.
 17109 | D:12     | Reached skill level 6 in Bows
 17342 | D:12     | Reached skill level 7 in Bows
 17414 | D:12     | Received a gift from Okawaru
 17422 | D:12     | Got a fading shortbow {god gift}
 17431 | D:12     | Identified the +1 shortbow of Ragnarok {speed, rN+}
                  | (Okawaru gifted it to you on level 12 of the Dungeon)
 17550 | D:12     | Found a gate to the Vaults.
 17553 | D:12     | Reached skill level 8 in Bows
 18123 | D:12     | Reached skill level 9 in Bows
 18374 | Orc      | Entered the Orcish Mines
 18374 | Orc      | Found a burning altar of Makhleb.
 18375 | Orc      | Noticed Erolcha
 18381 | Orc      | Killed Erolcha
 18399 | Orc      | Reached skill level 4 in Dodging
 18448 | Orc      | Reached skill level 5 in Dodging
 18450 | Orc      | Received a gift from Okawaru
 18500 | Orc      | Reached skill level 6 in Dodging
 18533 | Orc      | Reached skill level 7 in Dodging
 18577 | Orc      | Reached XP level 16. HP: 135/140 MP: 18/21
 18592 | Orc      | Reached skill level 8 in Dodging
 18845 | Orc      | Found Etisuyr's Jewellery Emporium.
 18845 | Orc      | Found Vyru's Antique Armour Boutique.
 18846 | Orc      | Found Achipp's Armour Shop.
 18846 | Orc      | Found Uxzaureu's Distillery.
 18854 | Orc      | Bought a cursed ring of protection from magic for 286 gold
                  | pieces
 18860 | Orc      | Bought a potion of heal wounds for 70 gold pieces
 18861 | Orc      | Bought a +2 cloak of poison resistance for 259 gold pieces
 18876 | Orc      | Bought a potion of haste for 140 gold pieces
 18876 | Orc      | Bought a potion of haste for 140 gold pieces
 18876 | Orc      | Bought a potion of curing for 35 gold pieces
 18992 | Orc      | Found a viscous altar of Jiyva.
 18994 | Orc      | Found a staircase to the Slime Pits.
 19442 | Shoals:1 | Entered Level 1 of the Shoals
 19465 | Lair:2   | Reached skill level 8 in Invocations
 19506 | Shoals:1 | Reached skill level 3 in Spellcasting
 19826 | Shoals:1 | Reached skill level 5 in Translocations
 20001 | Shoals:1 | Reached skill level 4 in Spellcasting
 20193 | Shoals:1 | Reached skill level 6 in Translocations
 20403 | Shoals:1 | Received a gift from Okawaru
 20413 | Shoals:1 | Reached skill level 5 in Spellcasting
 20798 | Shoals:2 | Received a gift from Okawaru
 20860 | Shoals:2 | Got a coiled jade amulet
 20923 | Shoals:2 | Reached skill level 7 in Translocations
 21007 | Shoals:2 | Identified the amulet of Woidodet {Inacc rPois} (You found
                  | it on level 2 of the Shoals)
 21016 | Shoals:2 | Got a bloodstained robe {@q1}
 21030 | Shoals:2 | Identified the +1 robe of the Bells {rPois MR+, @q1} (You
                  | found it on level 2 of the Shoals)
 21135 | Shoals:2 | Reached skill level 6 in Spellcasting
 21177 | Shoals:2 | Got a brightly glowing flail
 21314 | Shoals:2 | Noticed a kraken
 21325 | Shoals:2 | Killed a kraken
 21381 | Shoals:2 | Noticed a kraken
 21390 | Shoals:2 | Killed a kraken
 21390 | Shoals:2 | Received a gift from Okawaru
 21391 | Shoals:2 | Reached skill level 8 in Translocations
 21554 | Shoals:3 | Entered Level 3 of the Shoals
 21907 | Shoals:3 | Reached skill level 9 in Translocations
 22460 | Shoals:3 | Identified the cursed +2 trident "Cejoceme" {freeze, +Fly
                  | MR+}
 22463 | Shoals:3 | Identified the +3 hand axe "Sicoif" {elec, Int+4}
 22483 | Shoals:3 | Reached skill level 10 in Translocations
 22497 | Shoals:3 | Reached XP level 17. HP: 79/147 MP: 23/26
 22575 | Shoals:3 | Reached skill level 9 in Dodging
 22634 | Shoals:3 | Reached skill level 12 in Armour
 22639 | Shoals:3 | Received a gift from Okawaru
 22940 | Shoals:3 | Noticed a titan
 22951 | Shoals:3 | Reached skill level 10 in Dodging
 22957 | Shoals:3 | Killed a titan
 22977 | Shoals:3 | Received a gift from Okawaru
 22988 | Shoals:3 | Identified the +5 short sword of Empalan {pierce, +Inv
                  | Str+3 Dex-4}
 22999 | Shoals:3 | Identified the +6 flail "Gysaodud" {antimagic, rElec} (You
                  | found it on level 2 of the Shoals)
 22999 | Shoals:3 | Identified a lightning rod (4/4) (You found it on level 6
                  | of the Lair of Beasts)
 22999 | Shoals:3 | Got a barnacled rune of Zot
 23079 | Shoals:3 | Reached XP level 18. HP: 156/156 MP: 27/27
 23792 | D:10     | Bought a book of Battle for 560 gold pieces
 23795 | D:10     | Learned a level 2 spell: Song of Slaying
 23940 | Spider:1 | Entered Level 1 of the Spider Nest
 23940 | Spider:1 | Noticed Louise
 24165 | Spider:1 | Killed Louise
 24166 | Spider:1 | Reached skill level 1 in Charms
 24263 | Spider:1 | Reached skill level 18 in Fighting
 24264 | Spider:1 | Reached skill level 11 in Dodging
 24277 | Spider:1 | Reached skill level 2 in Charms
 24474 | Spider:1 | Identified the cursed +3 morningstar "Gyuh Qio" {protect,
                  | +Inv rF- Int+3 Dex+4}
 24560 | Spider:1 | Reached skill level 3 in Charms
 24672 | Spider:1 | Reached skill level 4 in Charms
 24747 | Spider:1 | Reached skill level 13 in Armour
 25122 | Spider:2 | Reached skill level 5 in Charms
 25138 | Spider:2 | Received a gift from Okawaru
 25177 | Spider:2 | Reached skill level 6 in Charms
 25429 | Spider:2 | Identified the cursed +0 chain mail of Zees {rPois Str-4
                  | Int+7 Stlth+}
 25591 | Spider:2 | Reached skill level 7 in Charms
 25787 | Spider:2 | Identified the +1 ring mail of Liberalism {rElec Dex+7}
                  | (Okawaru gifted it to you on level 2 of the Spider Nest)
 25787 | Spider:2 | Received a gift from Okawaru
 25940 | Spider:2 | Identified the +7 long sword of Courage {flame, rPois
                  | Dex+4}
 26093 | Spider:3 | Entered Level 3 of the Spider Nest
 26162 | Spider:3 | Reached skill level 8 in Charms
 26169 | Spider:3 | Learned a level 5 spell: Piercing Shot
 26513 | Spider:3 | Reached skill level 9 in Charms
 26524 | Spider:3 | Reached XP level 19. HP: 155/163 MP: 25/28
 26743 | Spider:3 | Reached skill level 10 in Charms
 26931 | Spider:3 | Reached skill level 11 in Charms
 27178 | Spider:3 | Reached skill level 12 in Charms
 27353 | Spider:3 | Got a gossamer rune of Zot
 28109 | Lair:4   | Killed Rupert
 28920 | D:7      | Bought a scroll of enchant armour for 105 gold pieces
 28921 | D:7      | Bought a scroll of enchant armour for 105 gold pieces
 29148 | Vaults:1 | Entered Level 1 of the Vaults
 29162 | Vaults:1 | Received a gift from Okawaru
 29225 | Vaults:1 | Received a gift from Okawaru
 29226 | Vaults:1 | Reached skill level 7 in Spellcasting
 29258 | Vaults:1 | Received a gift from Okawaru
 29259 | Vaults:1 | Reached skill level 13 in Charms
 29519 | Vaults:1 | Identified the +3 short sword of the Puffin {flame, *Contam
                  | rN++ Stlth+}
 29656 | Vaults:1 | Found a gateway to a bazaar.
 29681 | Bazaar   | Entered a bazaar
 29714 | Bazaar   | Found Vimoebbur's Distillery.
 29714 | Bazaar   | Found Heudumoi's Book Shoppe.
 29749 | Bazaar   | Found Fome's General Store.
 29765 | Bazaar   | Found Ceraw's Distillery.
 29799 | Bazaar   | Bought a potion of haste for 100 gold pieces
 29845 | Bazaar   | Bought a potion of haste for 120 gold pieces
 29845 | Bazaar   | Bought a potion of haste for 120 gold pieces
 29974 | Vaults:1 | Reached skill level 8 in Spellcasting
 30056 | Vaults:1 | Received a gift from Okawaru
 30089 | Vaults:1 | Reached skill level 14 in Charms
 30107 | Vaults:1 | Received a gift from Okawaru
 30195 | Vaults:1 | Received a gift from Okawaru
 30196 | Vaults:1 | Reached XP level 20. HP: 132/170 MP: 9/32
 30628 | Vaults:1 | Found a staircase to the Crypt.
 30813 | Vaults:1 | Identified the +1 hand crossbow "Unkeam" {flame, *Slow rF++
                  | rC+} (Okawaru gifted it to you on level 1 of the Vaults)
 30813 | Vaults:1 | Received a gift from Okawaru
 31404 | Vaults:2 | Reached skill level 12 in Dodging
 31405 | Vaults:2 | Reached skill level 14 in Armour
 31537 | Vaults:2 | Identified the +5 battleaxe of the Apocalypse {freeze, +Inv
                  | Dex-3 Stlth+} (Okawaru gifted it to you on level 2 of the
                  | Vaults)
 31537 | Vaults:2 | Received a gift from Okawaru
 32023 | Vaults:2 | Received a gift from Okawaru
 32034 | Vaults:2 | Reached skill level 19 in Fighting
 32047 | Vaults:2 | Learned a level 3 spell: Regeneration
 32049 | Vaults:2 | Learned a level 1 spell: Infusion
 32052 | Vaults:2 | Learned a level 2 spell: Swiftness
 32353 | Vaults:2 | Received a gift from Okawaru
 32557 | Vaults:2 | Identified the +8 chain mail "Zorgh" {Str+5} (Okawaru
                  | gifted it to you on level 2 of the Vaults)
 32557 | Vaults:2 | Received a gift from Okawaru
 32953 | Elf:1    | Entered Level 1 of the Elven Halls
 33140 | Elf:1    | Reached skill level 13 in Dodging
 33206 | Elf:1    | Reached skill level 15 in Armour
 33247 | Elf:1    | Reached XP level 21. HP: 155/180 MP: 31/33
 33353 | Elf:1    | Reached skill level 15 in Axes
 33383 | Elf:1    | Found a runed translucent gate.
 33383 | Elf:1    | Found a runed translucent gate.
 33383 | Elf:1    | Found a runed translucent gate.
 33383 | Elf:1    | Found a runed translucent gate.
 33383 | Elf:1    | Found a runed translucent gate.
 33384 | Elf:1    | Found a runed translucent gate.
 33414 | Elf:1    | Reached skill level 1 in Necromancy
 33578 | Elf:1    | Found Fualec's One-of-a-Kind Books.
 33663 | Elf:1    | Reached skill level 2 in Necromancy
 33836 | Elf:1    | Found Nerixzir's Distillery.
 33843 | Elf:1    | Bought a potion of haste for 140 gold pieces
 33843 | Elf:1    | Bought a potion of curing for 35 gold pieces
 33843 | Elf:1    | Bought a potion of experience for 700 gold pieces
 33843 | Elf:1    | Bought a potion of resistance for 140 gold pieces
 33843 | Elf:1    | Bought a potion of invisibility for 112 gold pieces
 33843 | Elf:1    | Bought a potion of curing for 35 gold pieces
 33843 | Elf:1    | Reached skill level 8 in Evocations
 33843 | Elf:1    | Reached XP level 22. HP: 189/189 MP: 34/34
 34191 | Elf:2    | Reached skill level 9 in Evocations
 34245 | Elf:2    | Identified the +1 ring mail of Hepliaklqana's Whim {rF+ rN+
                  | Str+4 Slay-3}
 34284 | Elf:2    | Received a gift from Okawaru
 34466 | Elf:2    | Received a gift from Okawaru
 34467 | Elf:2    | Reached skill level 3 in Necromancy
 34488 | Elf:2    | Found Qelu's Jewellery Boutique.
 34666 | Elf:2    | Identified the ring "Loemarch" {Fire *Drain MP+9 Str-3
                  | Int+5}
 34741 | Elf:2    | Received a gift from Okawaru
 34742 | Elf:2    | Found the +15 Maxwell's patent armour {-Cast -Tele rElec
                  | MR+ rCorr}
 34756 | Elf:2    | Found a runed gate.
 34757 | Elf:2    | Found a runed gate.
 34757 | Elf:2    | Found a runed gate.
 34814 | Elf:2    | Reached skill level 20 in Fighting
 34963 | Elf:2    | Reached skill level 4 in Necromancy
 34989 | Elf:2    | Reached skill level 10 in Evocations
 35337 | Elf:2    | Reached skill level 5 in Necromancy
 35382 | Elf:2    | Reached skill level 16 in Axes
 35684 | Elf:3    | Entered Level 3 of the Elven Halls
 35704 | Elf:3    | Noticed Aizul
 35708 | Elf:3    | Reached skill level 9 in Spellcasting
 35713 | Elf:3    | Killed Aizul
 35793 | Elf:3    | Found a shimmering blue altar of Sif Muna.
 35819 | Elf:3    | Found Kiath's Antique Weapon Boutique.
 36022 | Elf:3    | Reached skill level 10 in Spellcasting
 36078 | Elf:3    | Found a runed translucent door.
 36078 | Elf:3    | Found a shimmering altar of Xom.
 36078 | Elf:3    | Noticed Turbognida's ghost (adept GnAc)
 36110 | Elf:3    | Reached skill level 11 in Evocations
 36110 | Elf:3    | Reached XP level 23. HP: 163/196 MP: 3/37
 36113 | Elf:3    | Received a gift from Okawaru
 36118 | Elf:3    | Received a gift from Okawaru
 36123 | Elf:3    | Received a gift from Okawaru
 36125 | Elf:3    | Noticed Donald
 36135 | Elf:3    | Killed Donald
 36179 | Elf:3    | Identified the +0 buckler "Xocustrel" {rF+ Stlth+}
 36183 | Elf:3    | Identified the ring "Keco Jaf" {Str+3 Int+4 SInv}
 36196 | Elf:3    | Identified the ring "Odiydgh" {rElec Str+2}
 36384 | Elf:3    | Identified the Reference Book on Feathery Dark Rituals
 36391 | Elf:3    | Identified Sif Muna's Incunabulum of Evil Arts and Cold
 36428 | Elf:3    | Identified the cursed +0 arbalest "Bisobu Hirph" {venom,
                  | Dex+6}
 37414 | Slime:1  | Entered Level 1 of the Pits of Slime
 37853 | Slime:2  | Reached skill level 16 in Armour
 37853 | Slime:2  | Reached skill level 14 in Dodging
 38007 | Slime:2  | Reached ****** piety under Okawaru
 38218 | Slime:2  | Received a gift from Okawaru
 38467 | Slime:3  | Reached skill level 21 in Fighting
 38505 | Slime:3  | Received a gift from Okawaru
 38598 | Slime:4  | Reached skill level 15 in Dodging
 38684 | Slime:5  | Entered Level 5 of the Pits of Slime
 38693 | Slime:5  | Received a gift from Okawaru
 38704 | Slime:5  | Reached skill level 1 in Air Magic
 38722 | Slime:5  | Reached skill level 2 in Air Magic
 38796 | Slime:5  | Reached skill level 3 in Air Magic
 39097 | Slime:5  | Received a gift from Okawaru
 39098 | Slime:5  | Reached skill level 10 in Bows
 39098 | Slime:5  | Reached skill level 4 in Air Magic
 39242 | Slime:5  | Noticed the Royal Jelly
 39264 | Slime:5  | Killed the Royal Jelly
 39264 | Slime:5  | Received a gift from Okawaru
 39265 | Slime:5  | Reached skill level 11 in Bows
 39265 | Slime:5  | Reached XP level 24. HP: 171/208 MP: 12/37
 39753 | Slime:5  | Identified the Almanac of Evil Secrets and the Compass
 39755 | Slime:5  | Identified the Catalogue of Weightlessness and Shape
                  | Shifting
 39758 | Slime:5  | Got a slimy rune of Zot
 39821 | Slime:5  | Identified the +2 helmet of Gluttony {rC+}
 39840 | Slime:5  | Identified the +7 hunting sling of Tartarus {velocity,
                  | rPois}
 39864 | Slime:5  | Found the +6 Scorpio {venom, beckon}
 39873 | Slime:5  | Identified the +7 ring mail of the Saviour {Str+3}
 40065 | Slime:3  | Reached skill level 12 in Bows
 41836 | Depths:1 | Entered Level 1 of the Depths
 41853 | D:12     | Received a gift from Okawaru
 42139 | Depths:1 | Identified the +0 long sword "Oklab" {speed, rF+ rC- rN+}
 42209 | Depths:1 | Reached skill level 13 in Bows
 42378 | Depths:1 | Found a gateway to Hell.
 42398 | Depths:1 | Found a one-way gate to the infinite horrors of the Abyss.
 42529 | Depths:1 | Found Deol's Magic Scroll Shoppe.
 42535 | Depths:1 | Bought a scroll of fog for 30 gold pieces
 42535 | Depths:1 | Bought a scroll of teleportation for 45 gold pieces
 42535 | Depths:1 | Bought a scroll of fog for 30 gold pieces
 42808 | Depths:1 | Found a one-way gate leading to the halls of Pandemonium.
 43020 | Depths:2 | Found a gateway to a ziggurat.
 43047 | Depths:2 | Reached skill level 14 in Bows
 43055 | Depths:2 | Received a gift from Okawaru
 43336 | Depths:2 | Reached skill level 15 in Bows
 43347 | Depths:2 | Reached skill level 5 in Air Magic
 43403 | Depths:2 | Reached skill level 6 in Air Magic
 43626 | Depths:2 | Reached skill level 7 in Air Magic
 43782 | Depths:2 | Reached skill level 8 in Air Magic
 43869 | Depths:2 | Reached XP level 25. HP: 214/214 MP: 37/37
 44091 | Depths:2 | Identified the scarf of Vawial {repulsion, rElec rC+ MR+}
 44127 | Depths:2 | Reached skill level 9 in Air Magic
 44361 | Depths:2 | Identified the +3 faerie dragon scales {rCorr Int+3 Stlth+}
 44361 | Depths:2 | Noticed the Enchantress
 44371 | Depths:2 | Killed the Enchantress
 44388 | Depths:2 | Learned a level 6 spell: Deflect Missiles
 44757 | Elf:1    | Bought Mionyg Ymoq's Tome of Enchanting Cold for 1000 gold
                  | pieces
 44762 | Elf:1    | Learned a level 4 spell: Yara's Violent Unravelling
 45014 | Depths:3 | Reached skill level 1 in Hexes
 45014 | Depths:3 | Reached skill level 1 in Transmutations
 45091 | Depths:3 | Reached skill level 2 in Hexes
 45091 | Depths:3 | Reached skill level 2 in Transmutations
 45146 | Depths:3 | Reached skill level 10 in Air Magic
 45233 | Depths:3 | Noticed a golden dragon
 45240 | Depths:3 | Killed a golden dragon
 45240 | Depths:3 | Received a gift from Okawaru
 45241 | Depths:3 | Reached skill level 3 in Hexes
 45241 | Depths:3 | Reached skill level 3 in Transmutations
 45484 | Depths:3 | Reached skill level 4 in Hexes
 45484 | Depths:3 | Reached skill level 4 in Transmutations
 45492 | Depths:3 | Noticed a Killer Klown
 45504 | Depths:3 | Killed a Killer Klown
 45505 | Depths:3 | Reached skill level 5 in Hexes
 45505 | Depths:3 | Reached skill level 5 in Transmutations
 45897 | Depths:3 | Received a gift from Okawaru
 45898 | Depths:3 | Reached skill level 6 in Hexes
 45898 | Depths:3 | Reached skill level 6 in Transmutations
 46281 | Depths:3 | Reached skill level 7 in Hexes
 46282 | Depths:3 | Reached skill level 7 in Transmutations
 46289 | Depths:3 | Received a gift from Okawaru
 46462 | Depths:3 | Identified the cursed +1 scale mail of Joeskae {+Fly rCorr}
 46520 | Depths:4 | Noticed Saint Roka
 46529 | Depths:4 | Killed Saint Roka
 46565 | Depths:4 | Identified the +0 helmet of Shadows and Fog {Dex+3}
                  | (Okawaru gifted it to you on level 4 of the Depths)
 46565 | Depths:4 | Received a gift from Okawaru
 46582 | Depths:4 | Noticed a golden dragon
 46591 | Depths:4 | Killed a golden dragon
 46944 | Depths:4 | Identified the ring of Oxzecs {+Inv EV+4 Str-2 Dex+2}
 47045 | Depths:4 | Reached skill level 17 in Armour
 47105 | Depths:4 | Reached skill level 16 in Dodging
 47312 | Depths:4 | Noticed a golden dragon
 47317 | Depths:4 | Killed a golden dragon
 47318 | Depths:4 | Reached XP level 26. HP: 222/222 MP: 35/37
 47735 | Depths:4 | Identified the cursed +0 leather armour "Vecy" {-Cast +Fly
                  | MR- rCorr Dex+8}
 47821 | Depths:5 | Entered Level 5 of the Depths
 47827 | Depths:5 | Noticed a golden dragon
 47837 | Depths:5 | Reached skill level 18 in Armour
 47838 | Depths:5 | Noticed a golden dragon
 47844 | Depths:5 | Killed a golden dragon
 47859 | Depths:4 | Killed a golden dragon
 48052 | Depths:5 | Found a gate to the Realm of Zot.
 48209 | Depths:5 | Reached skill level 8 in Transmutations
 48562 | Depths:5 | Noticed Jory
 48588 | Depths:5 | Killed Jory
 48588 | Depths:5 | Received a gift from Okawaru
 48589 | Depths:5 | Reached skill level 22 in Fighting
 49930 | Orc      | Bought a potion of curing for 35 gold pieces
 49930 | Orc      | Bought a potion of curing for 35 gold pieces
 49930 | Orc      | Bought a potion of mutation for 112 gold pieces
 49930 | Orc      | Bought a potion of lignification for 42 gold pieces
 49933 | Orc      | Bought a pair of runed gloves for 210 gold pieces
 50152 | Elf:1    | Bought a potion of mutation for 112 gold pieces
 50152 | Elf:1    | Bought a potion of mutation for 112 gold pieces
 50474 | Zot:1    | Entered Level 1 of the Realm of Zot
 50565 | Zot:1    | Found a stormy altar of Qazlal.
 50876 | Zot:1    | Reached skill level 8 in Hexes
 51088 | Zot:1    | Received a gift from Okawaru
 51485 | Zot:1    | Reached skill level 11 in Spellcasting
 51795 | Zot:1    | Reached skill level 12 in Evocations
 51815 | Zot:1    | Reached XP level 27. HP: 155/231 MP: 28/38
 52040 | Zot:1    | Received a gift from Okawaru
 52041 | Zot:1    | Reached skill level 17 in Dodging
 52059 | Zot:1    | Reached skill level 19 in Armour
 52088 | Zot:1    | Noticed a golden dragon
 52114 | Zot:1    | Killed a golden dragon
 52115 | Zot:1    | Reached skill level 12 in Spellcasting
 52176 | Zot:1    | Identified the Catalogue of Damaging Shape Shifting
 52434 | Zot:1    | Identified the +6 quarterstaff "Ylehie" {drain, rElec
                  | Dex+5}
 52505 | Zot:1    | Learned a level 2 spell: Passwall
 52532 | Zot:2    | Received a gift from Okawaru
 52550 | Zot:2    | Reached skill level 1 in Earth Magic
 52576 | Zot:2    | Reached skill level 2 in Earth Magic
 52939 | Zot:3    | Reached skill level 3 in Earth Magic
 53039 | Zot:3    | Reached skill level 4 in Earth Magic
 53139 | Zot:4    | Received a gift from Okawaru
 53140 | Zot:4    | Reached skill level 13 in Spellcasting
 53140 | Zot:4    | Reached skill level 13 in Evocations
 53635 | Zot:4    | Reached skill level 14 in Evocations
 53968 | Zot:5    | Entered Level 5 of the Realm of Zot
 54385 | Zot:5    | Received a gift from Okawaru
 54816 | Zot:5    | Noticed a Killer Klown
 54827 | Zot:5    | Noticed a golden dragon
 54837 | Zot:5    | Killed a Killer Klown
 54838 | Zot:5    | Reached skill level 9 in Invocations
 54848 | Zot:5    | Noticed a Killer Klown
 54863 | Zot:5    | Killed a golden dragon
 54868 | Zot:5    | Killed a Killer Klown
 54868 | Zot:5    | Received a gift from Okawaru
 54870 | Zot:5    | Noticed a Killer Klown
 54875 | Zot:5    | Killed a Killer Klown
 55017 | Zot:5    | Noticed an orb of fire
 55036 | Zot:5    | Gained mutation: You are occasionally teleported next to
                  | monsters. [an orb of fire]
 55049 | Zot:5    | Gained mutation: Scrolls take you a little longer to read.
                  | [an orb of fire]
 55053 | Zot:5    | Killed an orb of fire
 55054 | Zot:5    | Reached skill level 14 in Spellcasting
 55054 | Zot:5    | Reached skill level 15 in Evocations
 55054 | Zot:5    | Lost mutation: Scrolls take you a little longer to read.
                  | [potion of mutation]
 55054 | Zot:5    | Lost mutation: You are occasionally teleported next to
                  | monsters. [potion of mutation]
 55054 | Zot:5    | Gained mutation: Potions are less effective at restoring
                  | your health. [potion of mutation]
 55054 | Zot:5    | Gained mutation: Your flesh is cold resistant. (rC+)
                  | [potion of mutation]
 55054 | Zot:5    | Gained mutation: You are partially covered in yellow
                  | scales. (AC +2) [potion of mutation]
 55122 | Zot:5    | Received a gift from Okawaru
 55306 | Zot:5    | Reached skill level 10 in Invocations
 55578 | Zot:5    | Received a gift from Okawaru
 55584 | Zot:5    | Noticed an orb of fire
 55586 | Zot:5    | Gained mutation: You are dopey. (Int -2) [an orb of fire]
 55592 | Zot:5    | Gained mutation: Potions are poor at restoring your health.
                  | [an orb of fire]
 55594 | Zot:5    | Killed an orb of fire
 55623 | Zot:5    | Identified the +8 battleaxe of the Unseen Realm {speed, rC+
                  | Int+4} (Okawaru gifted it to you on level 5 of the Realm of
                  | Zot)
 55623 | Zot:5    | Received a gift from Okawaru
 55624 | Zot:5    | Reached skill level 15 in Spellcasting
 55793 | Zot:5    | Noticed a Killer Klown
 55801 | Zot:5    | Killed a Killer Klown
 55904 | Zot:5    | Noticed a Killer Klown
 55915 | Zot:5    | Killed a Killer Klown
 56915 | Zot:5    | Noticed a Killer Klown
 56924 | Zot:5    | Killed a Killer Klown
 56947 | Zot:5    | Noticed a Killer Klown
 56986 | Zot:5    | Killed a Killer Klown
 56989 | Zot:5    | Noticed an orb of fire
 56998 | Zot:5    | Gained mutation: You are weak. (Str -2) [an orb of fire]
 57003 | Zot:5    | Gained mutation: Scrolls take you much longer to read. [an
                  | orb of fire]
 57009 | Zot:5    | Killed an orb of fire
 57037 | Zot:5    | Lost mutation: You are weak. (Str -2) [potion of mutation]
 57037 | Zot:5    | Lost mutation: Scrolls take you a little longer to read.
                  | [potion of mutation]
 57037 | Zot:5    | Lost mutation: Your flesh is cold resistant. (rC+) [potion
                  | of mutation]
 57037 | Zot:5    | Lost mutation: You are dopey. (Int -2) [potion of mutation]
 57431 | Zot:5    | Noticed an ancient lich
 57441 | Zot:5    | Killed an ancient lich
 57453 | Zot:5    | Received a gift from Okawaru
 57462 | Zot:5    | Reached skill level 18 in Dodging
 57484 | Zot:5    | Noticed an ancient lich
 57484 | Zot:5    | Noticed an orb of fire
 57488 | Zot:5    | Gained mutation: Your body sometimes deteriorates upon
                  | taking damage. [an orb of fire]
 57500 | Zot:5    | Gained mutation: Your body often deteriorates upon taking
                  | damage. [an orb of fire]
 57503 | Zot:5    | Killed an orb of fire
 57504 | Zot:5    | Reached skill level 20 in Armour
 57531 | Zot:5    | Killed an ancient lich
 57753 | Zot:5    | Noticed a Killer Klown
 57767 | Zot:5    | Killed a Killer Klown
 58086 | Zot:5    | Received a gift from Okawaru
 58169 | Zot:5    | Got the Orb of Zot
 58346 | Zot:1    | Noticed a seraph
 58638 | D:7      | Noticed Rasiubank the pandemonium lord
 58793 | D:1      | Reached skill level 19 in Dodging
 58804 | D:$      | Escaped with the Orb!

Skill      XL: |  1  2  3  4  5  6  7  8  9 10 11 12 13 14 15 16 17 18 19 20 21 22 23 24 25 26 27 |
---------------+----------------------------------------------------------------------------------+-----
Fighting       | 3 4 6 8 9 10 12 13 15 16 17 18 19 20 21 22 | 22.0
Short Blades   | 3 |  3.0
Throwing       | 3 4 5 7 8 |  8.0
Translocations | 4 10 | 10.0
Axes           | 2 6 8 10 12 13 14 15 16 | 16.0
Armour         | 2 3 6 7 9 11 12 13 15 16 17 18 20 | 20.9
Dodging        | 3 7 8 10 11 13 15 16 19 | 19.0
Evocations     | 1 4 5 6 7 8 11 12 15 | 15.0
Invocations    | 3 4 5 6 7 8 10 | 10.0
Shields        | 2 4 5 6 |  6.0
Bows           | 2 9 11 15 | 15.0
Spellcasting   | 6 8 10 11 15 | 15.0
Charms         | 9 14 | 14.0
Necromancy     | 2 5 |  5.0
Air Magic      | 4 8 10 | 10.0
Hexes          | 7 8 |  8.0
Transmutations | 7 8 |  8.7
Earth Magic    | 4 |  4.0

Action                   |  1- 3 |  4- 6 |  7- 9 | 10-12 | 13-15 | 16-18 | 19-21 | 22-24 | 25-27 || total
-------------------------+-------+-------+-------+-------+-------+-------+-------+-------+-------++-------
Melee: Dagger            |   153 |   135 |       |       |       |       |       |       |       ||   288
       War axe           |       |    33 |   237 |   270 |   827 |   260 |    70 |       |       ||  1697
       Punch             |       |       |       |     3 |     3 |     2 |     1 |       |       ||     9
       Unarmed           |       |       |       |       |     2 |       |       |       |       ||     2
       Battleaxe         |       |       |       |       |       |       |   105 |   209 |   550 ||   864
 Fire: Shortbow          |       |       |       |       |    96 |   622 |   785 |   930 |   711 ||  3144
       Longbow           |       |       |       |       |       |       |       |   104 |   446 ||   550
Throw: Javelin           |     9 |     8 |    53 |   142 |   153 |    15 |     6 |     3 |    13 ||   402
       Throwing net      |       |       |     1 |     1 |     1 |       |       |       |       ||     3
       Tomahawk          |       |       |     8 |    48 |    81 |       |       |    10 |       ||   147
 Cast: Blink Other       |     1 |       |     1 |       |       |       |       |       |       ||     2
       Portal Projectile |       |     1 |    10 |    11 |       |     5 |     1 |     4 |    20 ||    52
       Blink             |       |       |     3 |       |       |     2 |     2 |     1 |       ||     8
       Song of Slaying   |       |       |       |       |       |     3 |    23 |    36 |    23 ||    85
       Piercing Shot     |       |       |       |       |       |       |     7 |    12 |    17 ||    36
       Regeneration      |       |       |       |       |       |       |     2 |     1 |    12 ||    15
       Deflect Missiles  |       |       |       |       |       |       |       |       |     1 ||     1
       Yara's Violent Un |       |       |       |       |       |       |       |       |    15 ||    15
       Passwall          |       |       |       |       |       |       |       |       |     3 ||     3
Invok: Heroism           |       |       |     3 |    29 |    50 |    33 |    30 |    41 |    69 ||   255
       Finesse           |       |       |       |     1 |     1 |     4 |     1 |     1 |     7 ||    15
 Abil: Hop               |       |       |     1 |     4 |     5 |     3 |     4 |     4 |     5 ||    26
       Evoke Flight      |       |       |       |       |       |     2 |       |       |       ||     2
       Evoke Invisibilit |       |       |       |       |       |       |     4 |     3 |    24 ||    31
Evoke: Wand              |       |       |       |     4 |     3 |     3 |     2 |     2 |    16 ||    30
       Lightning rod     |       |       |       |       |     1 |     1 |       |       |       ||     2
       Lamp of fire      |       |       |       |       |       |     3 |     2 |     1 |       ||     6
       Phial of floods   |       |       |       |       |       |       |       |     1 |     1 ||     2
  Use: Scroll            |     3 |     9 |     8 |     5 |     8 |     6 |     4 |    15 |     5 ||    63
       Potion            |       |     1 |       |     1 |       |     2 |     2 |     7 |    14 ||    27
 Stab: Invisible         |       |     3 |       |       |       |       |    10 |    10 |    26 ||    49
       Sleeping          |       |       |     2 |     1 |       |       |       |       |     1 ||     4
       Paralysed         |       |       |       |       |       |     2 |       |       |     4 ||     6
       Confused          |       |       |       |       |       |       |       |     1 |       ||     1
       Distracted        |       |       |       |       |       |       |       |       |     1 ||     1
  Eat: Chunk             |     6 |     7 |    31 |    25 |    44 |    27 |    36 |    34 |    35 ||   245
       Ration            |       |     1 |       |     1 |     2 |     5 |     4 |     8 |    19 ||    40
Armor: Robe              |     8 |       |       |       |       |       |       |       |       ||     8
       Troll leather arm |    39 |    39 |   132 |    21 |       |       |       |       |       ||   231
       Plate armour      |       |       |       |   101 |   491 |   397 |   263 |   299 |   519 ||  2070
       Chain mail        |       |       |       |     4 |       |       |       |       |       ||     4
Dodge: Dodged            |    83 |    59 |   148 |   111 |   213 |   263 |   115 |   206 |   483 ||  1681
       Deflected         |       |       |       |       |       |       |       |       |    94 ||    94
Block: Buckler           |       |       |       |    58 |   129 |       |       |       |       ||   187
       Medium shield     |       |       |       |       |   178 |       |       |       |       ||   178
       Other             |       |       |       |       |       |     4 |    64 |    58 |    63 ||   189

Levels and vault maps discovered:
D:1:      eino_arrival_water_star, layout_loops_ring, serial_bayou_pond_e
D:2:      layout_loops_ring, minmay_tromino_v4_a, uniq_robin, uniq_jessica
D:3:      layout_loops_cross
D:4:      layout_cave_pools, enter_ossuary_4, first_ration,
          kennysheep_generic_room_6
D:5:      layout_basic, nicolae_wu_jian_immortal_techniques,
          minmay_temple_entry_gardened_gates, nicolae_qazlal_style_of_elements,
          uniq_eustachio
D:6:      layout_basic, nicolae_overflow_hidden_temple, marbit_many_paths
D:7:      layout_rooms, serial_shops, shop
D:8:      layout_basic, david_lair_generic, minmay_checkerbox
D:9:      layout_loops_cross, cheibrodos_ashenzari_chains, serial_shops,
          nicolae_shop_crystal, uniq_psyche, uniq_pikel, uniq_harold
D:10:     layout_loops_ring, zombieorc2_lemuel, serial_shops, shop_fountains,
          hangedman_little_slice_of_home, uniq_frances
D:11:     minmay_bloctagon_deflated, layout_basic
D:12:     grunt_enter_depths_snipers, layout_gridville,
          grunt_vaults_entry_tiered, minmay_misc_feat_secret_circle
Temple:   minmay_freezing_vapour_temple
Lair:1:   layout_chaotic_city, beast_lair_carwin_11
Lair:2:   layout_roguey, elwin_shoals_entry_rooms, portal_ice_cave_rime,
          maelrawn_ghost_gauntlet_escape, serial_bayou_pond_e,
          serial_bayou_shore_b
Lair:3:   dragon1_lemuel, layout_hall_layers, lemuel_fruit_fields,
          grunt_megastairs_5, uniq_nergalle
Lair:4:   layout_layer_cave, spider_nest_entry_webs, grunt_forest_stairs_basic,
          serial_bayou_shore_b, grunt_megastairs_1, lemuel_fruit_tree,
          uniq_rupert
Lair:5:   layout_loops_ring, basic_altar, uniq_josephine
Lair:6:   hangedman_lair_tendril_chambers, layout_regular_city,
          grunt_forest_large_clearings
Shoals:1: layout_shoals
Shoals:2: nicolae_shoals_island_circles, layout_shoals,
          nicolae_shoals_kraken_intersection
Shoals:3: shoals_end_hellmonk_storm_palace [storm_palace_center_square,
          storm_palace_corner_pillars, storm_palace_corner_pillars,
          storm_palace_corner_blocked, storm_palace_corner_grid]
Spider:1: layout_spider_delve, special_room [special_room_bee], spider_trap,
          spiders_nest_hornet_nest, uniq_louise
Spider:2: layout_spider_delve
Spider:3: grunt_spider_rune_parallel, guppyfry_spider_mini_1
Slime:1:  layout_slime_grid
Slime:2:  layout_slime_grid
Slime:3:  layout_slime_grid, cheibrodos_slime_lost_civilization_7
Slime:4:  cheibrodos_slime_lost_civilization_10, layout_slime_grid
Slime:5:  slime_pit_nicolae_trefoil
Orc:      st_orc_ogre_mass, layout_caves, slime_altar_1,
          nicolae_volcano_entry_vermiform, basic_altar, minmay_orc_keep,
          uniq_erolcha
Elf:1:    layout_gridlike, serial_shops, nicolae_shop_stone, orc_legates,
          nicolae_rare_books
Elf:2:    nicolae_elf_blades_crystal_corner, layout_geoelf_grid, serial_shops,
          nicolae_shop_crystal, spider_trap, minivault_5
Elf:3:    elf_hall, layout_loops_cross, ebering_ghost_xom, serial_shops, shop,
          hangedman_elven_ridges, dreamdust_princess_corridor,
          david_defended_altar_elf, uniq_donald, uniq_aizul
Vaults:1: v_pattern_5, hangedman_vaults_nails, nicolae_vaults_murderbox,
          minmay_crypt_entry_simple_statues, serial_ice_b,
          ontoclasm_vaults_loading_screen, nicolae_vaults_three_branches,
          vaults_room_door_hall, v_misc_33, nicolae_vaults_twisting_passages,
          ontoclasm_vaults_ligature, vaults_dpeg_diagonal,
          vaults_room_stairs_pillars, vaults_room_grid,
          vaults_dpeg_encased_lava, vaults_dpeg_ring, layout_vaults_ring,
          serial_shops, bzr_entry_water
Vaults:2: vaults_room_fours, grunt_vaults_hallway_short,
          ontoclasm_vaults_misaligned, v_misc_14, vaults_mumra_minichess,
          ontoclasm_vaults_ring_square, ontoclasm_vaults_water_temple,
          nicolae_vaults_network_quinsquares
          [nicolae_vaults_network_quincunx_subvault,
          nicolae_vaults_network_quincunx_subvault,
          nicolae_vaults_network_quincunx_subvault,
          nicolae_vaults_network_quincunx_subvault], v_misc_2, v_misc_18,
          hangedman_vaults_river_flow, vaults_mumra_chevron,
          nicolae_vaults_little_squares_2, v_alt_pattern_3,
          nicolae_vaults_asterisk, nicolae_vaults_specimen_jars,
          vaults_room_ringed_pool, layout_vaults_maze_bifur
Depths:1: layout_forbidden_donut, rand_demon_pan_entry_4, abyss_entry,
          hell_entry, abandoned_shop, minmay_shop_grid_forest, spider_trap,
          minmay_misc_feat_x, kennysheep_generic_room_2, firewood_loft
Depths:2: grunt_forest_chambers_depths, layout_gridville, enter_ziggurat_f,
          rand_demon_pan_entry_3, minmay_door_square, grunt_hell_entry_dis_mu,
          kennysheep_generic_room_16
Depths:3: minmay_inside_and_out, layout_gridlike, pan_entry,
          hangedman_abyss_or_decor_lesser_grid, hell_entry,
          infiniplex_staircase_spiral
Depths:4: mu_elephants_graveyard, layout_twisted_cross, serial_co_window_serial,
          co_window_corner_a, co_window_of_opportunity_a, co_window_corner_a,
          co_window_paths_a, co_window_paths_a, co_window_of_opportunity_b,
          co_window_broadway_c, co_window_of_opportunity_c, glass_columns_a,
          glass_columns_c, hangedman_coc_ice_floe, abyss_entry, uniq_saint_roka
Depths:5: grunt_zot_entry_alcove, layout_honeycomb, hellmouth_1,
          minmay_misc_feat_rows, abyss_entry, uniq_jory
Zot:1:    layout_concentric_octagons, regret_index_zotdec_storm_pass,
          st_large_dragon_hoard_4
Zot:2:    layout_onion_interference, ebering_ghost_disaster_area
Zot:3:    nicolae_zot_stationary_front, layout_gridlike
Zot:4:    regret_index_zot_pan_timeshare, layout_basic, bh_zot_lava_cross,
          st_stairs_13
Zot:5:    layout_gridlike

Table legend:
 A = Turns spent in this place as a percentage of turns spent in the entire game.
 B = Non-inter-level travel turns spent in this place as a percentage of non-inter-level travel turns spent in the entire game.
 C = Inter-level travel turns spent in this place as a percentage of turns spent in this place.
 D = Turns resting spent in this place as a percentage of non-inter-level travel turns spent in this place.
 E = Turns spent auto-exploring this place as a percentage of non-inter-level travel turns spent in this place.
 F = Non-inter-level travel turns spent in this place divided by the number of levels of this place that you've seen.
                   A       B       C       D       E      F
               +-------+-------+-------+-------+-------+----------------------
         Total | 100.0 | 100.0 |  12.0 |  22.5 |  49.6 | 1055.8
       Dungeon |  22.9 |  21.5 |  17.3 |  10.8 |  61.6 | 926.3
        Temple |   0.0 |   0.0 |   0.0 |   0.0 |   0.0 |  11.0
          Lair |  15.1 |  13.3 |  22.1 |   7.4 |  68.0 | 1149.5
        Shoals |   7.2 |   7.7 |   6.3 |  31.8 |  41.4 | 1325.7
   Spider Nest |   7.1 |   7.0 |  14.2 |  25.2 |  47.8 | 1200.7
    Slime Pits |   5.2 |   5.2 |  11.9 |  44.4 |  17.2 | 536.2
  Orcish Mines |   2.0 |   1.8 |  19.2 |   4.1 |  67.9 | 928.0
   Elven Halls |   7.5 |   7.5 |  12.8 |  16.2 |  56.4 | 1288.0
        Vaults |   5.8 |   6.4 |   2.8 |  10.4 |  63.1 | 1647.5
        Depths |  12.1 |  12.8 |   7.3 |  13.3 |  59.0 | 1323.0
           Zot |  13.5 |  15.1 |   2.0 |  55.9 |  16.4 | 1559.6
        Bazaar |   0.4 |   0.4 |   0.0 |   0.0 |  48.4 | 219.0
       Ossuary |   0.6 |   0.7 |   0.0 |   2.1 |  33.9 | 339.0
      Ice Cave |   0.7 |   0.8 |   0.0 |  73.2 |   0.0 | 392.0
               +-------+-------+-------+-------+-------+----------------------

Table legend:
 A = Kills in this place as a percentage of kills in entire the game.
 B = Kills by you in this place as a percentage of kills by you in the entire game.
 C = Kills by friends in this place as a percentage of kills by friends in the entire game.
 D = Other kills in this place as a percentage of other kills in the entire game.
 E = Experience gained in this place as a percentage of experience gained in the entire game.
 F = Experience gained in this place divided by the number of levels of this place that you have seen.
                   A       B       C       D       E      F
               +-------+-------+-------+-------+-------+----------------------
         Total | 100.0 | 100.0 |   N/A | 100.0 | 100.0 | 29225.8
       Dungeon |  19.0 |  18.8 |   N/A |  44.4 |   4.2 | 5036.2
          Lair |  10.5 |  10.5 |   N/A |   0.0 |   4.7 | 11188.3
        Shoals |   6.3 |   6.3 |   N/A |   0.0 |   4.8 | 23003.3
   Spider Nest |   9.9 |  10.0 |   N/A |   5.6 |   5.5 | 26284.3
    Slime Pits |   7.3 |   7.4 |   N/A |   5.6 |   8.6 | 24590.2
  Orcish Mines |   3.0 |   3.0 |   N/A |   0.0 |   1.4 | 20248.0
   Elven Halls |   9.7 |   9.7 |   N/A |   5.6 |  11.3 | 54078.7
        Vaults |   8.7 |   8.8 |   N/A |   0.0 |   8.9 | 63701.5
        Depths |  15.4 |  15.4 |   N/A |  16.7 |  22.4 | 64056.6
           Zot |   8.6 |   8.5 |   N/A |  22.2 |  28.1 | 80377.2
       Ossuary |   1.5 |   1.5 |   N/A |   0.0 |   0.0 | 236.0
      Ice Cave |   0.2 |   0.2 |   N/A |   0.0 |   0.1 | 1394.0
               +-------+-------+-------+-------+-------+----------------------
